Unix NetHack Version 5.0.0-0 post-release - last build May 10 2026 23:12:36 (d1fa5d53e341ca933230fdaa984d921c805b60aa,branch:main).

Game began 2026-05-11 14:23:19, ended 2026-05-11 14:36:00.

CaptainEquinox, neutral female human Valkyrie

                                                                     ..-
                                                            ....--   ..--
                                                           |.%-....  ...--
                                                           #%|)--........-----
                                                           |.| #|.....<......--
                                                           |.|  #-...........^|
                                                           #.-   #-...   ....--
                                                       ---#-..   |..........-
                                                       .@..... ---...........-
                                                       #-G#-----..>...---.....|
                                                              |......-  |.....|
                                                              |.--.---  ---..--
                                                              ---         ----
CaptainEquinox the Skirmisher  St:18 Dx:14 Co:17 In:8 Wi:8 Ch:11  Neutral
Dlvl:4  $:5  HP:0(41) Pw:11(11) AC:6  Xp:4 T:958 

Latest messages:
 The gnome hits!
 You kill the gnome!
 You are carrying too much to get through.
 What do you want to drop? [$a-df-km-tv-zA-D or ?*] q
 You drop a flail.
 What do you want to drop? [$a-df-km-pr-tv-zA-D or ?*] m
 You drop a long sword.
 The dwarf picks up an aklys.
 You hit the dwarf!
 You miss the dwarf.
 You kill the dwarf!
 There are several objects here.
 You kill the dwarf!
 Welcome to experience level 4.
 The gnome just misses!
 You kill the gnome!
 E - a pair of iron shoes.
 F - a dwarvish cloak.
 There are several objects here.
 G - a dwarvish cloak.
 H - a puce potion.
 r - an orange gem (2 in total).
 The gnome hits!
 You kill the gnome!
 You see here 2 white gems.
 I - 2 white gems.
 You kill the gnome!
 A cloud of gas puts you to sleep!
 The gnome thrusts one of her daggers.
 The gnome hits!
 The gnome thrusts one of her daggers.
 The gnome hits!
 The gnome thrusts one of her daggers.
 The gnome hits!
 The combat suddenly awakens you.
 You hit the gnome.
 The gnome thrusts one of her daggers.
 The gnome hits!
 You miss the gnome.
 The gnome thrusts one of her daggers.
 The gnome hits!
 You miss the gnome.
 The gnome thrusts one of her daggers.
 The gnome hits!
 You die...
 Do you want your possessions identified? [ynq] (y) y
 Do you want to see your attributes? [ynq] (y) y
 Do you want an account of creatures vanquished? [ynaq] (y) n
 Do you want to see your conduct and achievements? [ynq] (y) y
 Do you want to see the dungeon overview? [ynq] (y) y

Inventory:
 Coins    ('$')
  $ - 5 gold pieces
 Weapons  (')')
  B - 11 +0 crossbow bolts
  s - a +0 crossbow
  i - a +0 sling
  b - 4 +0 daggers
  h - a +2 orcish dagger
  y - a +0 orcish dagger
  a - a +1 spear (weapon in right hand)
 Armor    ('[')
  v - a cursed -1 orcish helm
  E - an uncursed +0 pair of iron shoes
  c - an uncursed +3 small shield (being worn)
  C - an uncursed +0 dwarvish cloak
  F - an uncursed +0 dwarvish cloak
  G - an uncursed +0 dwarvish cloak
 Comestibles  ('%')
  d - 3 uncursed food rations
  t - an uncursed lembas wafer
  w - an uncursed tripe ration
 Scrolls  ('?')
  n - a cursed scroll of scare monster
 Spellbooks  ('+')
  j - an uncursed spellbook of identify
 Potions  ('!')
  o - a blessed potion of healing
  p - an uncursed potion of healing
  H - a cursed potion of sickness
 Wands    ('/')
  k - a wand of lightning (0:7)
 Tools    ('(')
  D - a +0 pick-axe
  x - an uncursed skeleton key
  A - an uncursed tin whistle
  g - an uncursed towel
 Gems/Stones  ('*')
  r - 2 uncursed worthless pieces of orange glass
  I - 2 uncursed worthless pieces of white glass
  f - 2 uncursed worthless pieces of yellow glass
  z - 6 uncursed rocks (in quiver pouch)

CaptainEquinox the Valkyrie's attributes:

Background:
 You were a Skirmisher, a level 4 human Valkyrie.
 You were neutral, on a mission for Odin
 who was opposed by Tyr (lawful) and Loki (chaotic).
 You were right-handed.
 You were in the Gnomish Mines, on level 4.
 You entered the dungeon 958 turns ago.
 You had 108 experience points, 52 more were needed to attain level 5.

Basics:
 You had 0 out of 41 hit points.
 You had all 11 energy points (spell power).
 Your armor class was 6.
 Your wallet contained 5 zorkmids.
 Autopickup was off.

Final Characteristics:
 Your strength was 18 (limit:18/100).
 Your dexterity was 14 (limit:18).
 Your constitution was 17 (limit:18).
 Your intelligence was 8 (limit:18).
 Your wisdom was 8 (limit:18).
 Your charisma was 11 (limit:18).

Final Status:
 You weren't hungry.
 You were unencumbered.
 You were wielding a spear.
 You had basic skill with spear.

Final Attributes:
 You were devoutly aligned.
 You were cold resistant.
 You were stealthy.
 You are dead.

Miscellaneous:
 You didn't encounter any bones levels.
 Total elapsed playing time was 12 minutes and 40 seconds.

Major events:
 Turn
    1: CaptainEquinox the neutral human Valkyrie entered the dungeon
  830: attained the rank of Skirmisher (level 3)
  860: entered the Gnomish Mines
  958: killed by a gnome

You didn't know any spells.

Skills:
 Fighting Skills
   bare handed combat [Unskilled]
   two weapon combat  [Unskilled]
   riding             [Unskilled]
 Weapon Skills
   dagger             [Basic]
   axe                [Unskilled]
   pick-axe           [Unskilled]
   short sword        [Unskilled]
   broadsword         [Unskilled]
   long sword         [Unskilled]
   two-handed sword   [Unskilled]
   saber              [Unskilled]
   hammer             [Unskilled]
   quarterstaff       [Unskilled]
   polearms           [Unskilled]
   spear              [Basic]
   trident            [Unskilled]
   lance              [Unskilled]
   sling              [Unskilled]
 Spellcasting Skills
   attack spells      [Unskilled]
   escape spells      [Unskilled]

Voluntary challenges:
 Character rerolling was not enabled.
 You were an atheist.
 You never genocided any monsters.
 You never polymorphed an object.
 You never changed form.
 You used no wishes.
Achievements:
 You entered a shop.
 You attained the rank of Skirmisher.
 You entered the Gnomish Mines.

 The Dungeons of Doom: levels 1 to 3
    Level 1:
       Some fountains.
    Level 2:
       A sink.
    Level 3:
       A tool shop.
       Stairs down to The Gnomish Mines.
 The Gnomish Mines:
    Level 4: <- You were here.
       Final resting place for
          you, killed by a gnome.


Vanquished creatures:
  3 dwarves
  a red mold
  5 gnomes
  a gnome zombie
  2 jackals
  a fox
  4 goblins
  4 grid bugs
  2 lichens
  a newt
24 creatures vanquished.

No species were genocided or became extinct.

Game over:
                       ----------
                      /          \
                     /    REST    \
                    /      IN      \
                   /     PEACE      \
                  /                  \
                  |  CaptainEquinox  |
                  |       5 Au       |
                  |   killed by a    |
                  |      gnome       |
                  |                  |
                  |                  |
                  |       2026       |
                 *|     *  *  *      | *
        _________)/\\_//(\/(/\)/\//\/|_)_______

Farvel CaptainEquinox the Valkyrie...

You died in The Gnomish Mines on dungeon level 4 with 587 points,
and 5 pieces of gold, after 958 moves.
You were level 4 with a maximum of 41 hit points when you died.

